 Dungeon Crawl Stone Soup version 0.20.1-1-g8b1a95d (webtiles) character file.

189 polve the Skirmisher (level 5, -2/43 HPs)
             Began as a Demonspawn Abyssal Knight on Aug 13, 2017.
             Was a Believer of Lugonu.
             Slain by a gnoll
             ... wielding a +0 flail
              (7 damage)
             ... on level 4 of the Dungeon.
             The game lasted 00:03:13 (3971 turns).

polve the Skirmisher (Demonspawn Abyssal Knight)    Turns: 3971, Time: 00:03:14

Health: -2/43      AC:  6    Str: 12    XL:     5   Next: 40%
Magic:  6/6        EV: 11    Int: 14    God:    Lugonu [**....]
Gold:   234        SH:  0    Dex: 13    Spells: 4/4 levels left

rFire    . . .     SeeInvis .   a - +1 falchion
rCold    . . .     Gourm    .   (no shield)
rNeg     + . .     Faith    .   y - +2 robe {rN+}
rPois    .         Spirit   .   b - +0 helmet
rElec    .         Reflect  .   (no cloak)
rCorr    .         Harm     .   w - +0 pair of gloves
MR       .....                  (no boots)
Stlth    +.........             (no amulet)
Regen    0.2/turn               (no ring)
MPRegen  0.1/turn               (no ring)

@: no status effects
A: hooves 2
a: Depart the Abyss, Bend Space, Renounce Religion


You were on level 4 of the Dungeon.
You worshipped Lugonu.
Lugonu was pleased with you.
You were not hungry.

You visited 1 branch of the dungeon, and saw 4 of its levels.
You visited the Abyss 1 time.

You collected 234 gold pieces.

Inventory:

Hand Weapons
 a - a +1 falchion (weapon)
Armour
 b - a +0 helmet (worn)
 w - a +0 pair of gloves (worn)
 y - a +2 robe of positive energy (worn)
Scrolls
 f - a scroll of fear {unknown}
 h - a scroll of teleportation {unknown}
 i - 2 scrolls of remove curse
 j - a scroll of random uselessness {unknown}
 n - a scroll of recharging {unknown}
 q - a scroll of enchant armour {unknown}
 r - a scroll of identify
 s - 3 scrolls of fog
 t - a scroll of immolation {unknown}
 x - a scroll of magic mapping {unknown}
Potions
 e - a potion of invisibility {unknown}
 k - a potion of brilliance {unknown}
 l - 2 potions of resistance
 m - a potion of heal wounds {unknown}
 o - a potion of cancellation {unknown}
 p - a potion of magic {unknown}
 u - a potion of lignification {unknown}
 v - a potion of curing {unknown}
 z - a potion of degeneration {unknown}
Comestibles
 c - 2 bread rations
 d - 5 chunks of flesh
 g - 2 royal jellies


   Skills:
 + Level 4.6 Fighting
 + Level 4.0 Long Blades
 - Level 1.7 Armour
 - Level 0.8 Dodging
 - Level 2.4 Invocations


You had 4 spell levels left.
You didn't know any spells.

Dungeon Overview and Level Annotations

Branches:
Dungeon (4/15)
 Temple: D:4-7

Altars:
Nemelex Xobeh
Vehumet


Innate Abilities, Weirdness & Mutations

You have hoof-like feet.


Message History

The jackal is lightly wounded.
The jackal bites you.
* * * LOW HITPOINT WARNING * * *
You hit the jackal but do no damage.
The jackal is lightly wounded.
The jackal barely misses you. The jackal closely misses you.
You hit the jackal.
The jackal is severely wounded.
The jackal bites you but does no damage.
You hit the jackal.
You kill the jackal!
Lugonu accepts your kill.
You closely miss the gnoll. You kick the gnoll.
The gnoll is severely wounded.
The gnoll hits you with a flail!
* * * LOW HITPOINT WARNING * * *
You barely miss the gnoll.
The gnoll is severely wounded.
The gnoll hits you with a flail!
You die...

######++++####
.............
≈≈≈≈....≈≈≈≈≈≈≈≈
≈≈≈....≈≈≈≈≈≈≈≈
g≈≈....≈≈≈≈≈≈≈≈
.............
#..........#
#@#........##
#g##.?.......
#..#.........
##.#h........
#†#.......#.
#.........#
##(##...#..######
####.....#.##.......
#.....####.##.......


You could see a gnoll.

Vanquished Creatures
  Jessica (D:3)
  Robin (D:3)
  A gnoll (D:4)
  4 adders
  An ooze (D:1)
  5 worms
  3 dart slugs
  3 leopard geckos
  2 orcs
  A giant cockroach (D:2)
  13 goblins
  9 hobgoblins
  7 jackals (D:4)
  4 kobolds
  2 ball pythons
  14 bats
  2 frilled lizards
  3 rats
76 creatures vanquished.

Notes
Turn   | Place    | Note
-------+----------+-------------------------------------------
     0 | Abyss:1  | polve the Demonspawn Abyssal Knight began the quest for the Orb.
     0 | Abyss:1  | Reached XP level 1. HP: 18/18 MP: 2/2
    77 | Abyss:1  | Noticed a large abomination
    79 | D:1      | Escaped the Abyss
   103 | D:1      | Noticed a bullfrog
   337 | D:1      | Reached * piety under Lugonu
   433 | D:1      | Gained mutation: You have large cloven feet. [demonic ancestry]
   433 | D:1      | Reached XP level 2. HP: 24/24 MP: 3/3
   979 | D:2      | Reached XP level 3. HP: 2/29 MP: 4/4
  2329 | D:3      | Reached XP level 4. HP: 35/37 MP: 5/5
  2353 | D:3      | Found a sparkling altar of Nemelex Xobeh.
  2427 | D:3      | Reached ** piety under Lugonu
  2900 | D:3      | Noticed Jessica
  2917 | D:3      | Killed Jessica
  2958 | D:3      | Noticed Robin
  3319 | D:3      | Killed Robin
  3319 | D:3      | Gained mutation: You have hoof-like feet. [demonic ancestry]
  3319 | D:3      | Reached XP level 5. HP: 38/43 MP: 6/6
  3379 | D:3      | Found a radiant altar of Vehumet.
  3971 | D:4      | Slain by a gnoll

Skill      XL: |  1  2  3  4  5 |
---------------+----------------+-----
Long Blades    | 2 3 4 |  4.0
Fighting       | 4 |  4.6
Armour         | |  1.7
Dodging        | |  0.8
Invocations    | |  2.4

Action                   |  1- 3 |  4- 6 || total
-------------------------+-------+-------++-------
Melee: Falchion          |    85 |   127 ||   212
       Kick              |    12 |    30 ||    42
Invok: Depart the Abyss  |     1 |       ||     1
  Use: Scroll            |       |     4 ||     4
  Eat: Chunk             |     4 |     6 ||    10
Armor: Leather armour    |    14 |    17 ||    31
       Robe              |       |    44 ||    44
Dodge: Dodged            |    50 |    70 ||   120
       Rpst.: Falchion   |    17 |    31 ||    48
